 Dungeon Crawl Stone Soup version 0.29-a0-337-g68df138881 (webtiles) character file.

Game seed: 7241578078289812586

51 deadleaves the Firebug (level 3, -4/23 HPs)
             Began as a Demonspawn Fire Elementalist on Apr 16, 2022.
             Was a Follower of Hepliaklqana.
             Slain by Terence
             ... wielding a +0 flail of protection
              (6 damage)
             ... on level 2 of the Dungeon.
             The game lasted 00:08:54 (1784 turns).

deadleaves the Firebug (DsFE)                       Turns: 1784, Time: 00:08:55

Health: -4/23      AC:  6    Str: 10    XL:     3   Next: 58%
Magic:  5/6        EV: 12    Int: 16    God:    Hepliaklqana [*.....]
Gold:   1010       SH:  0    Dex: 13    Spells: 5/6 levels left

rFire   + . .      SeeInvis .   c - +5 hand axe "Vukiseyf" {freeze, Contam rC+ rN++}
rCold   + + .      Faith    .   (no shield)
rNeg    + + .      Spirit   .   l - +2 robe {rC+ rF+}
rPois   .          Reflect  .   (no helmet)
rElec   .          Harm     .   n - +1 cloak
rCorr   .          Rampage  .   (no gloves)
Will    .....                   (no boots)
Stlth   ++........              (no amulet)
HPRegen 0.07/turn               (no ring)
MPRegen 0.10/turn               (no ring)

@: no status effects
A: reduced essence, demonic guardian 1
a: Renounce Religion, Recall Ancestor, Ancestor Identity


You were on level 2 of the Dungeon.
You worshipped Hepliaklqana.
Hepliaklqana was aware of your devotion.
You visited 1 branch of the dungeon, and saw 2 of its levels.

You collected 1010 gold pieces.

Inventory:

Hand Weapons
 c - the +5 hand axe "Vukiseyf" (weapon) {freeze, Contam rC+ rN++}
   (You acquired it on level 1 of the Dungeon)

   It freezes those it strikes, dealing additional cold damage.
   It can also slow down cold-blooded creatures.
   rC:        It protects you from cold.
   rN:        It greatly protects you from negative energy.
   Contam:    It causes magical contamination when unequipped.
Armour
 l - a +2 robe of resistance (worn)
 n - a +1 cloak (worn)
Scrolls
 d - a scroll of teleportation {unknown}
 o - a scroll of identify {unknown}
 p - 2 scrolls of amnesia {unknown}
Potions
 a - a potion of berserk rage {unknown}
 b - a potion of magic
 e - a potion of curing {unknown}
 f - 2 potions of invisibility {unknown}
 g - a potion of degeneration {unknown}
 h - a potion of lignification {unknown}
 i - 3 potions of flight {unknown}
 j - a potion of brilliance {unknown}
 k - a potion of might {unknown}
 m - a potion of resistance {unknown}


   Skills:
 + Level 1.0 Fighting
 + Level 0.1 Axes
 - Level 0.8 Armour
 - Level 2.1 Dodging
 - Level 1.7 Stealth
 - Level 2.2 Spellcasting
 - Level 1.5 Conjurations
 - Level 3.0 Fire Magic
 + Level 1.0 Invocations


You had 5 spell levels left.
You knew the following spells:

 Your Spells              Type           Power      Damage    Failure   Level
a - Foxfire               Conj/Fire      36%        2x1d5     8%          1

Your spell library contained the following spells:

 Spells                   Type           Power      Damage    Failure   Level
 Scorch                   Fire           22%        2d6       9%          2
 Magic Dart               Conj           24%        1d4       11%         1
 Searing Ray              Conj           12%        2d4       16%         2
 Conjure Flame            Conj/Fire      9%         6-21      24%         3
 Ensorcelled Hibernation  Hex/Ice        2%         N/A       30%         2
 Inner Flame              Hex/Fire       6%         N/A       32%         3
 Spider Form              Tmut/Pois      1%         N/A       52%         3
 Flame Wave               Conj/Fire      9%         2d5       61%         4
 Fulminant Prism          Conj/Hex       2%         3d6       82%         4
 Anguish                  Hex/Necr       0%         N/A       90%         4


Dungeon Overview and Level Annotations

Branches:
Dungeon (2/15)

Altars:
Hepliaklqana

Shops:
D:2 (

Annotations:
D:2 Terence


Innate Abilities, Weirdness & Mutations

Your life essence is reduced to manifest your ancestor. (-10% HP)
A weak demonic guardian rushes to your aid.


Message History

You miscast Foxfire.
You are very lightly contaminated with residual magic.
Nothing appears to happen.
You conjure some foxfire!
The foxfire hits Terence but does no damage.
Tepiltzin hits Terence but does no damage.
You hit Terence but do no damage.
The foxfire hits Terence but does no damage.
Tepiltzin hits Terence but does no damage.
You hit Terence but do no damage. Terence closely misses you.
Tepiltzin barely misses Terence.
You hit Terence but do no damage.
Terence hits you with a +0 flail of protection.
Tepiltzin barely misses Terence.
Tepiltzin closely misses Terence.
Terence hits you but does no damage.
You hit Terence but do no damage. Terence misses you.
Tepiltzin hits Terence but does no damage.
Your magical contamination has completely faded away.
You hit Terence. You freeze Terence.
Terence is lightly wounded.
Terence hits you with a +0 flail of protection!
Tepiltzin closely misses Terence.
You hit Terence but do no damage.
Terence is lightly wounded.
Terence shouts, "DIE!!!"
Terence closely misses you.
Tepiltzin closely misses Terence.
Terence hits you with a +0 flail of protection.
Tepiltzin hits Terence.
You closely miss Terence.
Terence is moderately wounded.
Terence barely misses you.
Tepiltzin hits Terence but does no damage.
You barely miss Terence.
Terence is moderately wounded.
Terence hits you with a +0 flail of protection!
* * * LOW HITPOINT WARNING * * *
A demonic guardian appears!
Tepiltzin barely misses Terence.
Terence attacks as you move away!
Terence hits you with a +0 flail of protection.
You die...

#...#####.......##.
#.......#.......##.
########...###.##.#....##.
##...#........#.#..........
###.#.#...#.....#.#..........
#.........#.#..........##.###
#..#.#.#.....5....#.##.##.#
..........##..#.###.##.##.#
##.#.#...##@.#.# #.<.....#
#.....#...R@...# ##..#.### #
#.#.#######)#######)...#
#.##.#.# .... #.....###
#......# ......#.....#
####.### ......#.....# #.###
......#.....# #...#
.......#.....# ###.#
....###.###


You could see the friendly Tepiltzin the ancestor, Terence (ally target) and a
friendly white imp (summoned).

Vanquished Creatures
  A dart slug (D:2)
  A bat (D:1)
  An endoplasm (D:2)
  2 giant cockroaches (D:1)
  4 goblins
  6 hobgoblins (D:1)
  2 frilled lizards (D:1)
  A kobold (D:1)
  2 rats
20 creatures vanquished.

Vanquished Creatures (collateral kills)
  Jessica (D:2)
1 creature vanquished.

Vanquished Creatures (others)
  An ancestor (D:2)
  56 foxfires
  2 fungi (D:1)
  7 plants (D:1)
66 creatures vanquished.

Grand Total: 87 creatures vanquished

Notes
Turn   | Place    | Note
-------+----------+-------------------------------------------
     0 | D:1      | deadleaves the Demonspawn Fire Elementalist began the quest
                  | for the Orb.
     0 | D:1      | Reached XP level 1. HP: 13/13 MP: 3/3
   405 | D:1      | Gained mutation: A weak demonic guardian rushes to your
                  | aid. [demonic ancestry]
   405 | D:1      | Reached XP level 2. HP: 19/19 MP: 1/5
  1045 | D:1      | Found a faded altar of an unknown god.
  1055 | D:1      | Prayed at the altar of an unknown god.
  1055 | D:1      | Became a worshipper of Hepliaklqana the Forgotten
  1055 | D:1      | Reached * piety under Hepliaklqana
  1088 | D:2      | Noticed Jessica
  1091 | D:2      | Found Kotawkun's Weapon Shoppe.
  1100 | D:2      | Killed Jessica
  1101 | D:2      | Reached skill level 3 in Fire Magic
  1101 | D:2      | Reached XP level 3. HP: 6/22 MP: 4/6
  1127 | D:1      | Identified 2 scrolls of acquirement
  1127 | D:1      | Acquired 922 gold pieces
  1325 | D:1      | Acquired the +5 hand axe "Vukiseyf" {freeze, Contam rC+
                  | rN++}
  1686 | D:2      | Reached skill level 1 in Fighting
  1686 | D:2      | Reached skill level 1 in Invocations
  1772 | D:2      | Noticed Terence
  1784 | D:2      | Slain by Terence

Illustrated notes

Levels and vault maps discovered:
D:1:      lightli_arrival_maybe_door_vault, layout_basic,
          shapermc_ecumenical_altar_mp_ritualfount, hangedman_decor_growths,
          palyth_stone_intersect, kennysheep_crisscross
D:2:      layout_loops_cross, serial_shops, nicolae_shop_window_shopping,
          hex_tiny, uniq_terence, uniq_jessica

Skill      XL: |  1  2  3 |
---------------+----------+-----
Dodging        | 2 |  2.1
Fire Magic     | 3 |  3.0
Fighting       | 1 |  1.0
Invocations    | 1 |  1.0
Axes           | |  0.1
Armour         | |  0.8
Stealth        | |  1.7
Spellcasting   | |  2.2
Conjurations   | |  1.5

Action                   || total
-------------------------++-------
Melee: Club              ||     8
       Hand axe          ||    14
 Cast: Foxfire           ||    35
  Use: Scroll            ||     2
 Stab: Sleeping          ||     1
Armor: Leather armour    ||     9
       Robe              ||     2
Dodge: Dodged            ||    21

Table legend: (Time is in decaauts)
 A = Elapsed time spent in this place.
 B = Non-inter-level travel time spent in this place.
 C = Inter-level travel time spent in this place.
 D = Time resting spent in this place.
 E = Time spent auto-exploring this place.
 F = Levels seen in this place.
 G = Mean time per level.
                   A        B        C        D        E       F      G
               +--------+--------+--------+--------+--------+-----+--------+
         Total |   1790 |   1774 |     16 |    221 |   1237 |   2 |  895.0 |
       Dungeon |   1790 |   1774 |     16 |    221 |   1237 |   2 |  895.0 |
               +--------+--------+--------+--------+--------+-----+--------+

Top non-repeatable levels by time:
     D:1: 1295 daAuts
     D:2: 494 daAuts
